 Dungeon Crawl Stone Soup version 0.29-a0-885-gb26ba3297d (webtiles) character file.

Game seed: 13937404053624973653

119 wilfster70 the Sneak (level 5, 0/28 HPs)
             Began as a Kobold Enchanter on July 20, 2022.
             Was an Initiate of Okawaru.
             Slain by a black bear (3 damage)
             ... on level 4 of the Dungeon.
             The game lasted 00:07:29 (3302 turns).

wilfster70 the Sneak (Kobold Enchanter)             Turns: 3302, Time: 00:07:30

Health: 0/28       AC:  4    Str:  6    XL:     5   Next: 23%
Magic:  6/9        EV: 15    Int: 18    God:    Okawaru [......]
Gold:   158        SH:  0    Dex: 15    Spells: 8/10 levels left

rFire   . . .      SeeInvis .   a - +1 dagger
rCold   . . .      Faith    .   (no shield)
rNeg    . . .      Spirit   .   b - +1 robe
rPois   .          Reflect  .   (no helmet)
rElec   .          Harm     .   (no cloak)
rCorr   .          Rampage  .   l - +0 pair of gloves
Will    .....                   (no boots)
Stlth   ++++......              (no amulet)
HPRegen 0.09/turn               (no ring)
MPRegen 0.11/turn               (no ring)

@: weakened, invisible
A: small, no large weapons, nightstalker 3
a: Renounce Religion


You were on level 4 of the Dungeon.
You worshipped Okawaru.
Okawaru was noncommittal.
You visited 1 branch of the dungeon, and saw 4 of its levels.

You collected 158 gold pieces.

Inventory:

Hand Weapons
 a - a +1 dagger (weapon)
 f - a +0 sling
Armour
 b - a +1 robe (worn)
 l - a +0 pair of gloves (worn)
Jewellery
 e - an amulet of the acrobat
Scrolls
 j - a scroll of butterflies
 m - a scroll of teleportation
 n - a scroll of fear
Potions
 c - a potion of invisibility
 d - 3 potions of cancellation
 h - 2 potions of lignification


   Skills:
 - Level 2.4 Short Blades
 - Level 2.4 Dodging
 - Level 4.6 Stealth
 - Level 3.0 Spellcasting
 + Level 3.9 Hexes
 + Level 1.0 Ice Magic
 + Level 1.6 Invocations


You had 8 spell levels left.
You knew the following spells:

 Your Spells              Type           Power      Damage    Failure   Level
a - Ensorcelled Hibernat  Hex/Ice        22%        N/A       9%          2

Your spell library contained the following spells:

 Spells                   Type           Power      Damage    Failure   Level
 Confusing Touch          Hex            16%        N/A       10%         3
 Dazzling Flash           Conj/Hex       18%        N/A       22%         3
 Yara's Violent Unravell  Hex/Tmut       4%         3d4       90%         5
 Blade Hands              Tmut           1%         N/A       99%         5
 Iron Shot                Conj/Erth      1%         9d1       100%        6
 Enfeeble                 Hex            8%         N/A       100%        7
 Tukima's Dance           Hex            Unusable   N/A       N/A         3
 Animate Armour           Summ/Erth      Unusable   N/A       N/A         4

Dungeon Overview and Level Annotations

Branches:
Dungeon (4/15)
 Temple: D:4-7

Altars:
Okawaru
Yredelemnul
Zin

Shops:
D:2 [


Innate Abilities, Weirdness & Mutations

You are small and have problems with some larger weapons.
You are completely attuned to the shadows.


Message History

The gnoll attacks as you move away! The gnoll misses you.
The gnoll attacks as you move away! The gnoll hits you but does no damage.
The gnoll hits you with a +0 flail!
Casting: Ensorcelled Hibernation (safe; 10% risk of failure)
Confirm with . or Enter, or press ? or * to list all spells.
Aiming: Ensorcelled Hibernation (safe; 10% risk of failure)
Press: ? - help, Shift-Dir - straight line, f - gnoll
Aim: a gnoll, wielding a +0 flail (chance to affect: 53%)
The gnoll looks drowsy...
The helpless gnoll fails to defend itself.
You impale the gnoll!!
You kill the gnoll!
Okawaru accepts your kill.
The gnoll bouda gazes fiercely through you!
You feel your attacks grow feeble.
Your Ice Magic skill increases to level 1!
The black bear attacks as you move away!
The black bear bites you. The black bear claws you. x2
* * * LOW HITPOINT WARNING * * *
There is an open door here.
Casting: Ensorcelled Hibernation (safe; 9% risk of failure)
Confirm with . or Enter, or press ? or * to list all spells.
Aiming: Ensorcelled Hibernation (safe; 9% risk of failure)
Press: ? - help, Shift-Dir - straight line, f - black bear
Aim: a black bear (chance to affect: 45%)
The black bear looks drowsy...
The helpless black bear fails to defend itself.
You puncture the black bear!
The black bear is severely wounded.
The black bear goes berserk!
The gnoll closely misses you. The black bear completely misses you.
The black bear misses you. The black bear barely misses you.
You feel better. The gnoll misses you. The black bear bites you.
The black bear closely misses you. The black bear misses you.
You fade into invisibility!
The black bear bites you.
* * * LOW HITPOINT WARNING * * *
The black bear closely misses you. The black bear misses you.
The gnoll misses you. The black bear bites you.
You die...

.....g.#
...)..g#
.......#
.......#
##...gg####
......g)..#
......###g####
...###.ggh...#
.. #...@...#
#.......#
#.......#
#.......#
#.......#
#.......#
#.......#
####.#### #.#
#.#


You could see a black bear (berserk, unable to see you), a gnoll bouda (unable
to see you) and 2 gnolls.

Vanquished Creatures
  2 adders
  4 gnolls
  A worm (D:2)
  2 dart slugs
  6 endoplasms
  8 giant cockroaches
  2 goblins
  6 hobgoblins
  4 kobolds
  3 quokkas (D:1)
  6 ball pythons
  5 bats
  A frilled lizard (D:2)
  2 rats
52 creatures vanquished.

Notes
Turn   | Place    | Note
-------+----------+-------------------------------------------
     0 | D:1      | wilfster70 the Kobold Enchanter began the quest for the
                  | Orb.
     0 | D:1      | Reached XP level 1. HP: 10/10 MP: 3/3
   141 | D:1      | Reached XP level 2. HP: 6/15 MP: 5/5
   318 | D:1      | Learned a level 2 spell: Ensorcelled Hibernation
   738 | D:1      | Reached XP level 3. HP: 19/19 MP: 6/6
  1100 | D:1      | Found a faded altar of an unknown god.
  1418 | D:2      | Found Zempyteu's Antique Armour Emporium.
  1673 | D:2      | Found an iron altar of Okawaru.
  1682 | D:2      | Became a worshipper of Warmaster Okawaru
  1701 | D:2      | Identified the +4 halberd of Buegetzu {antimagic, *Slow
                  | rF++ Will+ Dex+2}
  1752 | D:2      | Reached XP level 4. HP: 24/24 MP: 8/8
  2425 | D:2      | Reached skill level 1 in Invocations
  2510 | D:3      | Found a basalt altar of Yredelemnul.
  2895 | D:3      | Reached XP level 5. HP: 28/28 MP: 9/9
  3192 | D:3      | Found a glowing silver altar of Zin.
  3285 | D:4      | Noticed a black bear
  3296 | D:4      | Reached skill level 1 in Ice Magic
  3302 | D:4      | Slain by a black bear

Illustrated notes

Levels and vault maps discovered:
D:1:      dpeg_arrival_concentric_ovals, layout_basic,
          hellmonk_ecumenical_altar_zigzags, minmay_worlds_worst_comb
D:2:      layout_basic, basic_altar, serial_shops,
          nicolae_shop_advertising_works [nicolae_subvault_shop_adworks]
D:3:      layout_loops_ring, nicolae_overflow_crystal_walls, marbit_many_paths
D:4:      layout_basic, sigmund_edmund_badplayer

Skill      XL: |  1  2  3  4  5 |
---------------+----------------+-----
Short Blades   | 2 |  2.4
Spellcasting   | 3 |  3.0
Invocations    | 1 |  1.6
Ice Magic      | 1 |  1.0
Dodging        | |  2.4
Stealth        | |  4.6
Hexes          | |  3.9

Action                   |  1- 3 |  4- 6 || total
-------------------------+-------+-------++-------
Melee: Dagger            |    71 |    23 ||    94
       Punch             |     1 |       ||     1
 Cast: Ensorcelled Hiber |     7 |     9 ||    16
  Use: Scroll            |     5 |     5 ||    10
       Potion            |       |     2 ||     2
 Stab: Sleeping          |    24 |    15 ||    39
Armor: Robe              |    10 |     1 ||    11
Dodge: Dodged            |    50 |    37 ||    87

Table legend: (Time is in decaauts)
 A = Elapsed time spent in this place.
 B = Non-inter-level travel time spent in this place.
 C = Inter-level travel time spent in this place.
 D = Time resting spent in this place.
 E = Time spent auto-exploring this place.
 F = Levels seen in this place.
 G = Mean time per level.
                   A        B        C        D        E       F      G
               +--------+--------+--------+--------+--------+-----+--------+
         Total |   3293 |   3231 |     62 |    620 |   1757 |   4 |  823.2 |
       Dungeon |   3293 |   3231 |     62 |    620 |   1757 |   4 |  823.2 |
               +--------+--------+--------+--------+--------+-----+--------+

Top non-repeatable levels by time:
     D:1: 1339 daAuts
     D:2: 1064 daAuts
     D:3: 810 daAuts
     D:4: 79 daAuts
